 Dungeon Sprint DCSS version 0.30-a0-58-gc0703345a7 (webtiles) character file.

Game seed: 12666319267051374365

3322 mhtbhm the Earth Mage (level 10, -7/53 HPs)
             Began as a Gargoyle Earth Elementalist on Sept 11, 2022.
             Was the Champion of Vehumet.
             Mangled by a phantasmal warrior (25 damage)
             ... in the Dungeon (Sprint VII: "The Pits").
             The game lasted 00:05:41 (2335 turns).

mhtbhm the Earth Mage (Gargoyle Earth Elementalist) Turns: 2335, Time: 00:05:41

Health: -7/53      AC: 12    Str: 14    XL:     10   Next: 2%
Magic:  20/27      EV: 16    Int: 21    God:    Vehumet [******]
Gold:   0          SH:  0    Dex: 10    Spells: 16/35 levels left

rFire   . . .      SeeInvis .    k - +2 quarterstaff (protect)
rCold   . . .      Faith    .    (shield currently unavailable)
rNeg    + + .      Spirit   .    a - +1 robe {rN+}
rPois   ∞          Reflect  .    (no helmet)
rElec   +          Harm     .    o - +0 cloak
rCorr   .          Rampage  .    p - +0 pair of gloves
Will    .....      NoTele   +    (no boots)
Stlth   +.........               (no amulet)
HPRegen 0.17/turn                e - +3 ring of strength
MPRegen 0.20/turn                l - +3 ring of evasion

@: on fire, mesmerised, glowing
A: sickness immunity, AC +7, negative energy resistance 1, electricity
resistance, torment resistance 1, petrification resistance
a: Renounce Religion


You were in the Dungeon.
You worshipped Vehumet.
Vehumet was exalted by your worship.
You visited 1 branch

Inventory:

Hand Weapons
 k - a +2 quarterstaff of protection (weapon)
Armour
 a - a +1 robe of positive energy (worn)
 o - a +0 cloak (worn)
 p - a +0 pair of gloves (worn)
Jewellery
 e - a +3 ring of strength (left hand)
 l - a +3 ring of evasion (right hand)
Scrolls
 g - a scroll of blinking
 i - 5 scrolls of amnesia
 j - a scroll of summoning
Potions
 b - 4 potions of magic
 c - 8 potions of curing
 d - 11 potions of heal wounds
 f - 3 potions of berserk rage
 h - 2 potions of invisibility
 m - 2 potions of resistance
 n - a potion of mutation


   Skills:
 + Level 1.8 Fighting
 + Level 5.0 Dodging
 + Level 5.6 Stealth
 + Level 13.0 Spellcasting
 + Level 6.8 Conjurations
 + Level 1.7 Transmutations
 + Level 2.1 Air Magic
 + Level 17.1 Earth Magic
 + Level 2.2 Poison Magic


You had 16 spell levels left.
You knew the following spells:

 Your Spells              Type           Power      Damage    Failure   Level
a - Sandblast             Erth           100%       2d20      0%          1
b - Passwall              Tmut/Erth      43%        N/A       1%          2
c - Stone Arrow           Conj/Erth      100%       3d13      1%          3
d - Petrify               Tmut/Erth      52%        N/A       1%          4
e - Scorch                Fire           26%        2d6       1%          2
f - Mephitic Cloud        Conj/Pois/Air  29%        N/A       1%          3
g - Flame Wave            Conj/Fire      28%        2d9       3%          4

Your spell library contained the following spells:

 Spells                   Type           Power      Damage    Failure   Level
 Iron Shot                Conj/Erth      29%        9d6       1%          6


Dungeon Overview and Level Annotations

Branches:
Dungeon (1/1)

Altars:
Ashenzari
Cheibriados
Dithmenos
Elyvilon
Fedhas
Gozag
Hepliaklqana
Kikubaaqudgha
Makhleb
Nemelex Xobeh
Okawaru
Qazlal
Ru
Sif Muna
Trog
Uskayaw
Vehumet
Wu Jian
Xom
Yredelemnul
Zin
The Shining One
Jiyva
Lugonu


Innate Abilities, Weirdness & Mutations

You are immune to sickness and miasma.
Your stone body is resilient. (AC +7)
You are immune to poison.
You resist negative energy. (rN+)
You are resistant to electric shocks. (rElec)
You are resistant to unholy torment.
You are immune to petrification.


Message History

Casting: Mephitic Cloud (safe; 1% risk of failure)
Confirm with . or Enter, or press ? or * to list all spells.
Okay, then.
Casting: Mephitic Cloud (safe; 1% risk of failure)
Confirm with . or Enter, or press ? or * to list all spells.
Casting: Flame Wave (dangerous; 3% risk of failure)
Press: ? - help, Dir - look around, f - activate A wave of flame ripples out!
The flame wave engulfs the orange demon!
The orange demon is lightly wounded.
The flame wave engulfs the merfolk avatar!
The merfolk avatar is lightly wounded.
The flame wave engulfs the smoke demon.
The smoke demon resists.
The smoke demon is lightly wounded.
The flame wave engulfs the phantasmal warrior!
The phantasmal warrior is lightly damaged. (Press . to intensify the flame waves.)
The merfolk avatar chants its luring song.
The phantasmal warrior hits you! The smoke demon hits you.
The smoke demon closely misses you.
The smoke demon hits you but does no damage.
The orange demon stings you but does no damage.
The orange demon hits you but does no damage.
Unknown command.
Unknown command.
A wave of flame ripples out!
The flame wave engulfs the orange demon!
The orange demon is moderately wounded.
The flame wave engulfs the merfolk avatar!
The merfolk avatar is moderately wounded.
The flame wave engulfs the smoke demon.
The smoke demon resists.
The smoke demon is lightly wounded.
The flame wave engulfs the phantasmal warrior!
The phantasmal warrior is moderately damaged.
The merfolk avatar chants its luring song.
The smoke demon gestures at you. The sticky flame hits you.
You are covered in liquid flames!
The phantasmal warrior hits you!!
You die...

#####''######
...##''#########
...##......#...+
...##....###...#
...##...##.+... ##
...##.)##..##'## .##
...##..#..##÷..##..+
...##)[#..#.....#3○#
#####..'..)...4.@m°+
#####..#..#.....#W.#
...##[.#..##...##..+
.[[##..##..##†## .##
.))##...##.+)..+ ##
.))##....###...#
.))##......#...+
################


You could see a merfolk avatar (mesmerising), an orange demon (confused), a
phantasmal warrior and a smoke demon.

Vanquished Creatures
  An orc knight (D)
  An orc sorcerer (D)
  A deep elf zephyrmancer (D)
  A deep elf pyromancer (D)
  An elephant (D)
  A cane toad (D)
  A steam dragon (D)
  An acid dragon (D)
  2 floating eyes (D)
  An ice beast (D)
  2 sky beasts (D)
  An ogre (D)
  A bullfrog (D)
  A crimson imp (D)
  A jelly (D)
  2 gnoll boudas (D)
  An iron imp (D)
  An orc wizard (D)
  A mummy (D)
  3 gnolls (D)
  A river rat (D)
  An ufetubus (D)
  6 orcs (D)
  2 hobgoblins (D)
  5 jackals (D)
  A ball python (D)
  A ball python skeleton (D)
  A frilled lizard (D)
  A rat (D)
44 creatures vanquished.

Notes
Turn   | Place    | Note
-------+----------+-------------------------------------------
     0 | D        | mhtbhm the Gargoyle Earth Elementalist began the quest for
                  | the Orb.
     0 | D        | Reached XP level 1. HP: 10/10 MP: 3/3
    13 | D        | Reached skill level 4 in Earth Magic
    39 | D        | Found a bloodstained altar of Trog.
    39 | D        | Found a shimmering blue altar of Sif Muna.
    39 | D        | Found a viscous altar of Jiyva.
    39 | D        | Found a hazy altar of Hepliaklqana.
    39 | D        | Found an opulent altar of Gozag.
    40 | D        | Found a glowing golden altar of the Shining One.
    40 | D        | Found a glowing silver altar of Zin.
    40 | D        | Found a basalt altar of Yredelemnul.
    40 | D        | Found a shimmering altar of Xom.
    40 | D        | Found an ornate altar of the Wu Jian Council.
    40 | D        | Found a sacrificial altar of Ru.
    40 | D        | Found a stormy altar of Qazlal.
    40 | D        | Found an iron altar of Okawaru.
    40 | D        | Found a sparkling altar of Nemelex Xobeh.
    40 | D        | Found a burning altar of Makhleb.
    40 | D        | Found a blossoming altar of Fedhas.
    40 | D        | Found a white marble altar of Elyvilon.
    40 | D        | Found a shadowy altar of Dithmenos.
    40 | D        | Found a snail-covered altar of Cheibriados.
    42 | D        | Found a radiant altar of Vehumet.
    42 | D        | Found a corrupted altar of Lugonu.
    43 | D        | Found a hide-covered altar of Uskayaw.
    43 | D        | Found an ancient bone altar of Kikubaaqudgha.
    43 | D        | Found a broken altar of Ashenzari.
    50 | D        | Became a worshipper of Vehumet
   100 | D        | Reached skill level 5 in Earth Magic
   100 | D        | Reached XP level 2. HP: 15/15 MP: 0/6
   158 | D        | Learned a level 2 spell: Passwall
   162 | D        | Noticed a floating eye
   164 | D        | Paralysed by a floating eye for 4 turns
   168 | D        | Killed a floating eye
   168 | D        | Reached * piety under Vehumet
   168 | D        | Offered knowledge of Magic Dart by Vehumet.
   169 | D        | Reached skill level 9 in Earth Magic
   169 | D        | Reached XP level 3. HP: 19/19 MP: 3/9
   169 | D        | Reached XP level 4. HP: 24/24 MP: 3/10
   173 | D        | Learned a level 3 spell: Stone Arrow
   178 | D        | Learned a level 4 spell: Petrify
   223 | D        | Reached XP level 5. HP: 28/28 MP: 12/12
   289 | D        | Offered knowledge of Foxfire by Vehumet.
   290 | D        | Reached skill level 5 in Spellcasting
   291 | D        | Reached ** piety under Vehumet
   363 | D        | Noticed a floating eye
   366 | D        | Paralysed by a floating eye for 3 turns
   370 | D        | Killed a floating eye
   370 | D        | Reached *** piety under Vehumet
   371 | D        | Reached skill level 11 in Earth Magic
   371 | D        | Reached XP level 6. HP: 32/32 MP: 12/15
   372 | D        | Noticed a sky beast
   374 | D        | Reached **** piety under Vehumet
   403 | D        | Killed a sky beast
   404 | D        | Reached skill level 5 in Stealth
   404 | D        | Reached skill level 12 in Earth Magic
   479 | D        | Offered knowledge of Scorch by Vehumet.
   483 | D        | Learned a level 2 spell: Scorch
   483 | D        | Offered knowledge of Frozen Ramparts by Vehumet.
   512 | D        | Reached ***** piety under Vehumet
   618 | D        | Offered knowledge of Mephitic Cloud by Vehumet.
   641 | D        | Reached XP level 7. HP: 22/37 MP: 14/18
   651 | D        | Reached skill level 13 in Earth Magic
   899 | D        | Learned a level 3 spell: Mephitic Cloud
   901 | D        | Noticed a steam dragon
   908 | D        | Offered knowledge of Flame Wave by Vehumet.
  1088 | D        | HP: 1/37 [something/ball of steam (13)]
  1095 | D        | Killed a steam dragon
  1096 | D        | Reached skill level 1 in Conjurations
  1360 | D        | Noticed a cane toad
  1368 | D        | Killed a cane toad
  1369 | D        | Reached skill level 10 in Spellcasting
  1369 | D        | Reached skill level 1 in Transmutations
  1369 | D        | Reached skill level 14 in Earth Magic
  1369 | D        | Reached XP level 8. HP: 33/42 MP: 12/22
  1638 | D        | Learned a level 4 spell: Flame Wave
  1641 | D        | Noticed an orc sorcerer
  1644 | D        | Offered knowledge of Starburst by Vehumet.
  1645 | D        | Noticed an orc knight
  1648 | D        | Killed an orc sorcerer
  1649 | D        | Reached skill level 1 in Fighting
  1649 | D        | Reached skill level 15 in Earth Magic
  1657 | D        | Killed an orc knight
  1658 | D        | Reached skill level 1 in Air Magic
  1658 | D        | Reached skill level 1 in Poison Magic
  1658 | D        | Reached XP level 9. HP: 42/47 MP: 22/24
  1663 | D        | Reached skill level 16 in Earth Magic
  1910 | D        | Noticed a deep elf pyromancer
  1913 | D        | Killed a deep elf pyromancer
  1914 | D        | Reached skill level 5 in Conjurations
  1958 | D        | Noticed an elephant
  1960 | D        | Offered knowledge of Iron Shot by Vehumet.
  1966 | D        | Killed an elephant
  2262 | D        | Noticed a deep elf zephyrmancer
  2264 | D        | Reached ****** piety under Vehumet
  2266 | D        | Killed a deep elf zephyrmancer
  2267 | D        | Reached skill level 5 in Dodging
  2267 | D        | Reached skill level 17 in Earth Magic
  2267 | D        | Reached XP level 10. HP: 53/53 MP: 15/27
  2330 | D        | Noticed an orange demon
  2330 | D        | Noticed a merfolk avatar
  2331 | D        | Noticed a smoke demon
  2331 | D        | Noticed a phantasmal warrior
  2335 | D        | Mangled by a phantasmal warrior

Illustrated notes

Levels and vault maps discovered:
D:        pitsprint [storerooms_1, entrance_room_1, metal_vault_6, armoury_1,
          mini_pit_1, grid_room_1, main_hall_1, silver_pit, the_coven_3,
          the_vestibule_1, steel_vault_2, golden_pit, hallway_of_sentries,
          crystal_vault_1, iron_vault_4, final_vault]

Skill      XL: |  1  2  3  4  5  6  7  8  9 |
---------------+----------------------------+-----
Earth Magic    | 5 9 11 12 14 15 17 | 17.1
Dodging        | 2 3 4 5 |  5.0
Spellcasting   | 3 4 6 8 10 11 13 | 13.0
Stealth        | 3 4 5 |  5.6
Conjurations   | 2 4 6 |  6.8
Transmutations | 1 |  1.7
Fighting       | 1 |  1.8
Air Magic      | 1 2 |  2.1
Poison Magic   | 1 2 |  2.2

Action                   |  1- 3 |  4- 6 |  7- 9 | 10-12 || total
-------------------------+-------+-------+-------+-------++-------
 Cast: Sandblast         |     8 |    24 |    18 |       ||    50
       Stone Arrow       |       |     3 |    32 |       ||    35
       Mephitic Cloud    |       |       |     9 |     1 ||    10
       Petrify           |       |       |     1 |       ||     1
       Flame Wave        |       |       |       |     1 ||     1
  Use: Potion            |       |       |     5 |       ||     5
Armor: Robe              |     1 |     6 |     8 |     6 ||    21
Dodge: Dodged            |     4 |     9 |    13 |     2 ||    28

Table legend: (Time is in decaauts)
 A = Elapsed time spent in this place.
 B = Non-inter-level travel time spent in this place.
 C = Inter-level travel time spent in this place.
 D = Time resting spent in this place.
 E = Time spent auto-exploring this place.
 F = Levels seen in this place.
 G = Mean time per level.
                   A        B        C        D        E       F      G
               +--------+--------+--------+--------+--------+-----+--------+
         Total |   2345 |   2345 |      0 |   1754 |     27 |   1 | 2345.0 |
       Dungeon |   2345 |   2345 |      0 |   1754 |     27 |   1 | 2345.0 |
               +--------+--------+--------+--------+--------+-----+--------+

Top non-repeatable levels by time:
       D: 2345 daAuts
